 Dungeon Crawl Stone Soup version 0.30-a0-1053-gbd8d5ba0ad (webtiles) character file.

Game seed: 5924013411347661389

102 qeuew the Trooper (level 4, -5/29 HPs)
             Began as a Gargoyle Fighter on Apr 11, 2023.
             Slain by Sigmund
             ... wielding a +0 scythe
              (13 damage)
             ... on level 3 of the Dungeon.
             The game lasted 00:02:36 (1675 turns).

qeuew the Trooper (Gargoyle Fighter)                Turns: 1675, Time: 00:02:37

Health: -5/29      AC: 10    Str: 22    XL:     4   Next: 78%
Magic:  4/4        EV:  9    Int:  8    God:
Gold:   75         SH:  4    Dex:  9    Spells: 3/3 levels left

rFire   . . .      SeeInvis .    a - +0 flail (drain)
rCold   . . .      Faith    .    c - +0 buckler
rNeg    + . .      Spirit   .    b - +0 scale mail
rPois   ∞          Reflect  .    (no helmet)
rElec   +          Rampage  .    (no cloak)
rCorr   .                        (no gloves)
Will    .....                    (no boots) Stlth
                                 (no amulet)
HPRegen 0.24/turn                (no ring)
MPRegen 0.09/turn                (no ring)

@: no status effects
A: sickness immunity, AC +3, negative energy resistance 1, electricity
resistance, torment resistance 1, petrification resistance
a: no special abilities


You were on level 3 of the Dungeon.
You visited 1 branch of the dungeon, and saw 3 of its levels.

You collected 75 gold pieces.

Inventory:

Hand Weapons
 a - a +0 flail of draining (weapon)
Missiles
 g - a throwing net (quivered)
Armour
 b - a +0 scale mail (worn)
 c - a +0 buckler (worn)
Jewellery
 e - a ring of fire
Scrolls
 j - a scroll of teleportation
Potions
 d - a potion of might
 i - a potion of haste


   Skills:
 * Level 4.0 Fighting
 * Level 2.9 Maces & Flails
 * Level 4.0 Armour
 + Level 0.8 Dodging
 * Level 3.8 Shields


You had 3 spell levels left.
You didn't know any spells.
Your spell library contained the following spells:

 Spells                   Type           Power      Damage    Failure   Level
 Cause Fear               Hex            0%         N/A       100%        4
 Dragon Form              Tmut           0%         N/A       100%        7
 Malign Gateway           Summ/Tloc      0%         N/A       100%        7
 Summon Horrible Things   Summ           0%         N/A       100%        8
 Dragon's Call            Summ           0%         N/A       100%        9


Dungeon Overview and Level Annotations

Branches:
Dungeon (3/15)

Altars:

Annotations:
D:3 Natasha, Sigmund


Innate Abilities, Weirdness & Mutations

You are immune to sickness and miasma.
Your stone body is resilient. (AC +3)
You are immune to poison.
You resist negative energy. (rN+)
You are resistant to electric shocks. (rElec)
You are resistant to unholy torment.
You are immune to petrification.


Message History

You resist with some effort.
Sigmund gestures wildly while chanting.
Sigmund flickers and vanishes!
Deactivating autopickup; reactivate with Ctrl-A.
No target in view!
No target in view!
No target in view!
No target in view!
No target in view!
No target in view!
Unknown command.
You hit something. Something hits you!
You barely miss something.
The frilled lizard hisses.
Natasha, Servant of Life and Death comes into view.
You hear some strange, mumbled words.
You are confused.
You sock something!
Natasha mumbles some strange words.
Natasha's front paws start to glow.
Something hits you!
The frilled lizard bites you but does no damage.
You barely miss something. The frilled lizard barely misses you.
The frilled lizard bites you but does no damage.
You bump into the rock wall.
You hear some strange, mumbled words.
A puff of flame appears from out of thin air!
The puff of flame hits you. The frilled lizard closely misses you.
You completely miss something. Something hits you.
The frilled lizard bites you but does no damage.
You bump into the rock wall.
Something hits you but does no damage.
The frilled lizard bites you but does no damage.
You bump into the rock wall.
You feel less confused. The frilled lizard barely misses you.
You closely miss something. Something hits you.
* * * LOW HITPOINT WARNING * * *
The frilled lizard closely misses you.
You miss something. Something hits you!
You die...

#.# ..# #.. ####
#.# #.. #.# #{#
.### #.# #@#
.....##.#######l# .
#...........h# .
####.#.............
# #.#.########.#..
# ###.#.# l.
######...#.# #
..........^#
.#####.#####


You could see Natasha and a frilled lizard.

Vanquished Creatures
  Robin (D:2)
  4 adders
  A dart slug (D:1)
  An orc (D:3)
  5 ball pythons
  2 bats
  8 endoplasms
  10 goblins
  5 hobgoblins
  3 kobolds
  2 quokkas
  3 frilled lizards
  7 rats
52 creatures vanquished.

Notes
Turn   | Place    | Note
-------+----------+-------------------------------------------
     0 | D:1      | qeuew the Gargoyle Fighter began the quest for the Orb.
     0 | D:1      | Reached XP level 1. HP: 14/14 MP: 1/1
   127 | D:1      | Reached XP level 2. HP: 19/19 MP: 2/2
   599 | D:2      | Reached XP level 3. HP: 23/23 MP: 3/3
   716 | D:2      | Noticed Robin
   728 | D:2      | Killed Robin
  1008 | D:2      | Reached XP level 4. HP: 17/29 MP: 4/4
  1520 | D:3      | Found a faded altar of an unknown god.
  1662 | D:3      | Noticed Sigmund
  1667 | D:3      | Noticed Natasha
  1675 | D:3      | Slain by Sigmund

Illustrated notes

Levels and vault maps discovered:
D:1:      ncdulo_halloftheorcs, layout_basic, serial_corexii_hall,
          corexii_hall_statues_t, corexii_hall_statues_deadend
D:2:      layout_loops_ring, minmay_randomly_rotated_circles, uniq_robin
D:3:      layout_loops_ring, nicolae_ecumenical_oubliette, uniq_sigmund,
          uniq_natasha

Skill      XL: |  1  2  3  4 |
---------------+-------------+-----
Fighting       | 4 |  4.0
Armour         | 4 |  4.0
Maces & Flails | |  2.9
Dodging        | |  0.8
Shields        | |  3.8

Action                     |  1- 3 |  4- 6 || total
---------------------------+-------+-------++-------
  Melee: Flail             |   105 |    70 ||   175
    Use: Potion            |     4 |       ||     4
         Scroll            |     2 |     3 ||     5
 Armour: Scale mail        |    68 |    66 ||   134
  Dodge: Dodged            |    59 |    46 ||   105
  Block: Buckler           |    24 |    27 ||    51

Table legend: (Time is in decaauts)
 A = Elapsed time spent in this place.
 B = Non-inter-level travel time spent in this place.
 C = Inter-level travel time spent in this place.
 D = Time resting spent in this place.
 E = Time spent auto-exploring this place.
 F = Levels seen in this place.
 G = Mean time per level.
                   A        B        C        D        E       F      G
               +--------+--------+--------+--------+--------+-----+--------+
         Total |   1727 |   1651 |     76 |      0 |   1269 |   3 |  575.7 |
       Dungeon |   1727 |   1651 |     76 |      0 |   1269 |   3 |  575.7 |
               +--------+--------+--------+--------+--------+-----+--------+

Top non-repeatable levels by time:
     D:2: 989 daAuts
     D:1: 599 daAuts
     D:3: 138 daAuts
